 Dungeon Crawl Stone Soup version 0.29-a0-757-g358383bc75 (webtiles) character file.

Game seed: 12321854239092995627

56 Gwenloh the Chopper (level 3, -3/34 HPs)
             Began as a Hill Orc Berserker on July 1, 2022.
             Was a Believer of Trog.
             Slain by a gnoll
             ... wielding a +0 club
              (5 damage)
             ... on level 2 of the Dungeon.
             The game lasted 00:02:46 (2257 turns).

Gwenloh the Chopper (Hill Orc Berserker)            Turns: 2257, Time: 00:02:48

Health: -3/34      AC:  3    Str: 19    XL:     3   Next: 97%
Magic:  3/3        EV: 12    Int:  7    God:    Trog [**....]
Gold:   125        SH:  0    Dex: 12    Spells: 2/2 levels left

rFire   . . .      SeeInvis .   a - +0 hand axe
rCold   . . .      Faith    .   (no shield)
rNeg    . . .      Spirit   .   o - +0 animal skin
rPois   .          Reflect  .   (no helmet)
rElec   .          Harm     .   (no cloak)
rCorr   .          Rampage  .   p - +0 pair of gloves
Will    .....                   (no boots)
Stlth   +.........              (no amulet)
HPRegen 0.11/turn               (no ring)
MPRegen 0.08/turn               (no ring)

@: no status effects
A: no striking features
a: Renounce Religion, Berserk, Trog's Hand


You were on level 2 of the Dungeon.
You worshipped Trog.
Trog was pleased with you.
You visited 1 branch of the dungeon, and saw 2 of its levels.

You collected 125 gold pieces.

Inventory:

Hand Weapons
 a - a +0 hand axe (weapon)
 b - a +0 sling
Armour
 o - a +0 animal skin (worn)
 p - a +0 pair of gloves (worn)
Jewellery
 h - an amulet of regeneration
Scrolls
 c - a scroll of magic mapping {unknown}
 f - a scroll of amnesia {unknown}
 g - a scroll of poison {unknown}
 i - 2 scrolls of identify {unknown}
 k - a scroll of enchant armour {unknown}
 m - a scroll of fog {unknown}
Potions
 d - a potion of curing {unknown}
 e - a potion of haste {unknown}
 j - a potion of brilliance {unknown}
 l - a potion of lignification {unknown}
 n - a potion of berserk rage {unknown}


   Skills:
 + Level 4.4 Fighting
 + Level 4.9 Axes
 + Level 3.1 Armour
 - Level 1.5 Dodging


You had 2 spell levels left.
You didn't know any spells.
Your spell library contained the following spells:

 Spells                   Type           Power      Damage    Failure   Level
 Magic Dart               Conj           0%         1d3       43%         1
 Sandblast                Erth           0%         2d4       43%         1
 Passwall                 Tmut/Erth      0%         N/A       56%         2
 Searing Ray              Conj           0%         2d4       56%         2
 Stone Arrow              Conj/Erth      0%         3d7       80%         3
 Fulminant Prism          Conj/Hex       0%         3d6       99%         4


Dungeon Overview and Level Annotations

Branches:
Dungeon (2/15)

Altars:


Message History

Trog accepts your kill.
A gnoll comes into view. It is wielding a +0 spear.
You shoot a sling bullet. The sling bullet hits the gnoll.
The gnoll shouts!
The gnoll is lightly wounded.
You shoot a sling bullet.
The sling bullet closely misses the gnoll.
A gnoll comes into view. It is wielding a +0 flail.
The gnoll moves out of view.
A gnoll comes into view. It is wielding a +0 club.
You shoot a sling bullet. The gnoll shouts!
The sling bullet hits the gnoll.
The gnoll is heavily wounded.
You shoot a sling bullet. The gnoll shouts!
The sling bullet hits the gnoll.
The gnoll is severely wounded.
The gnoll barely misses you.
a - a +0 hand axe (weapon)
The gnoll barely misses you.
You barely miss the gnoll.
The gnoll is severely wounded.
You hit the gnoll but do no damage.
The gnoll hits you from afar with a +0 spear.
You hit the gnoll but do no damage. The gnoll barely misses you.
The gnoll hits you but does no damage. The gnoll closely misses you.
You slash the gnoll!
You kill the gnoll!
Trog accepts your kill.
You hit the gnoll. The gnoll hits you with a +0 club.
You hit the gnoll but do no damage. You barely miss the gnoll.
The gnoll hits you with a +0 club. The gnoll hits you with a +0 flail!
You hit the gnoll but do no damage. You hit the gnoll.
The gnoll hits you with a +0 club!
* * * LOW HITPOINT WARNING * * *
The gnoll hits you with a +0 flail.
* * * LOW HITPOINT WARNING * * *
The gnoll hits you with a +0 club.
You die...

.#.##.####.###.######.
.#.##.####............
......................
.#........####.#######
.#.##.########.###
.................#
...##.#####.##†#.###
....... ........g.#
.#..#.#..##.##.#@###
.#..# #. # #.#g# ....#
..... .#..# .......
.#..# .##.#.### .# .#
.. ..... .#. # ##....
... . #.. .#.


You could see 2 gnolls.

Vanquished Creatures
  A gnoll (D:2)
  2 worms (D:2)
  3 ball pythons
  3 bats
  2 endoplasms
  2 giant cockroaches
  3 hobgoblins (D:1)
  3 jackals (D:2)
  4 frilled lizards
  3 goblins
  3 kobolds (D:1)
  15 rats
44 creatures vanquished.

Notes
Turn   | Place    | Note
-------+----------+-------------------------------------------
     0 | D:1      | Gwenloh the Hill Orc Berserker began the quest for the Orb.
     0 | D:1      | Reached XP level 1. HP: 19/19 MP: 1/1
   143 | D:1      | Reached XP level 2. HP: 18/27 MP: 2/2
   463 | D:1      | Found a faded altar of an unknown god.
  1089 | D:1      | Reached XP level 3. HP: 32/33 MP: 3/3
  1169 | D:1      | Reached ** piety under Trog
  2257 | D:2      | Slain by a gnoll

Illustrated notes

Levels and vault maps discovered:
D:1:      dpeg_arrival_ratfight, layout_loops_ring,
          chequers_ecumenical_altar_simple, minmay_rat_gold_closets
D:2:      layout_basic, amethyst_killhole

Skill      XL: |  1  2  3 |
---------------+----------+-----
Fighting       | 4 |  4.4
Armour         | 3 |  3.1
Axes           | |  4.9
Dodging        | |  1.5

Action                   || total
-------------------------++-------
Melee: Hand axe          ||   128
       Punch             ||     1
 Fire: Sling             ||     7
Throw: Stone             ||     2
 Stab: Sleeping          ||     2
Armor: Animal skin       ||    17
Dodge: Dodged            ||    64

Table legend: (Time is in decaauts)
 A = Elapsed time spent in this place.
 B = Non-inter-level travel time spent in this place.
 C = Inter-level travel time spent in this place.
 D = Time resting spent in this place.
 E = Time spent auto-exploring this place.
 F = Levels seen in this place.
 G = Mean time per level.
                   A        B        C        D        E       F      G
               +--------+--------+--------+--------+--------+-----+--------+
         Total |   2267 |   2214 |     53 |      0 |   1859 |   2 | 1133.5 |
       Dungeon |   2267 |   2214 |     53 |      0 |   1859 |   2 | 1133.5 |
               +--------+--------+--------+--------+--------+-----+--------+

Top non-repeatable levels by time:
     D:1: 1304 daAuts
     D:2: 962 daAuts
